 Seeded DCSS version 0.29-a0-362-g5854e031c7 (webtiles) character file.

Game seed: 9708579739092153053 (custom seed)

23 zeratav the Shooter (level 3, 21/21 HPs)
             Began as a Tengu Hunter on Apr 29, 2022.
             Quit the game on level 1 of the Dungeon.
             The game lasted 00:01:19 (603 turns).

zeratav the Shooter (Tengu Hunter)                   Turns: 603, Time: 00:01:19

Health: 21/21      AC:  3    Str: 11    XL:     3   Next: 0%
Magic:  4/4        EV: 12    Int:  9    God:
Gold:   39         SH:  0    Dex: 19    Spells: 2/2 levels left

rFire   . . .      SeeInvis .   a - +1 shortbow {bow}
rCold   . . .      Faith    .   (shield currently unavailable)
rNeg    . . .      Spirit   .   b - +0 leather armour
rPois   .          Reflect  .   (helmet restricted)
rElec   .          Harm     .   (no cloak)
rCorr   .          Rampage  .   (no gloves)
Will    .....                   (boots unavailable)
Stlth   ++........              (no amulet)
HPRegen 0.07/turn               (no ring)
MPRegen 0.09/turn               (no ring)

@: no status effects
A: beak, talons 3
a: no special abilities


You were on level 1 of the Dungeon.
You visited 1 branch of the dungeon, and saw 2 of its levels.

You collected 39 gold pieces.


Innate Abilities, Weirdness & Mutations

You have a beak for a mouth.
You have claws for feet.


   Skills:
 - Level 2.0 Fighting
 + Level 5.3 Bows
 - Level 2.1 Dodging
 - Level 1.0 Stealth


You had 2 spell levels left.
You didn't know any spells.
Your spell library was empty.

Inventory:

Hand Weapons
 a - a +1 shortbow (weapon) {bow}
Armour
 b - a +0 leather armour (worn)
 g - a +0 robe
   (You found it on level 1 of the Dungeon)
 h - a +0 robe
   (You found it on level 1 of the Dungeon)
 j - a +0 leather armour
   (You found it on level 1 of the Dungeon)
Jewellery
 l - the ring "Iqog" {rPois rF+ Str+9 Int+4 Stlth-}
   (You acquired it on level 1 of the Dungeon)

   [ring of protection from fire]

   Str:       It affects your strength (+9).
   Int:       It affects your intelligence (+4).
   rF:        It protects you from fire.
   rPois:     It protects you from poison.
   Stlth:     It makes you less stealthy.
 m - the amulet of Altruism {Acrobat rPois Str+8 Stlth-}
   (You acquired it on level 1 of the Dungeon)

   [amulet of the acrobat]

   It increases your evasion while moving and waiting.
   Str:       It affects your strength (+8).
   rPois:     It protects you from poison.
   Stlth:     It makes you less stealthy.
Scrolls
 c - a scroll of immolation {!r!r}
 d - 2 scrolls of magic mapping {unknown}
 e - a scroll of blinking {unknown}
 f - a scroll of silence {unknown}
 i - a scroll of vulnerability {unknown}
 k - a scroll of acquirement

Dungeon Overview and Level Annotations

Branches:
Dungeon (2/15)

Altars:

#.# #......# #.#.. #.#
#......###########.#.. #.#
#......'...........'.. #.#
#......###########รท#.> #.#
#####..# #.### #.# #..#
#########.# #.# ####..#
#.......#.###
##.#######.....###.......#....
#........'...@...'.......'....
##########...#####.......#....
#...# #.......#.... ###...###
#.......#.).. #.......#
#########.... #.......# #####
#.......# #.......# #########


There were no monsters in sight!


Message History

Found an escape hatch in the floor.
There is an open door here.
You open the door.
A rat and a dart slug come into view.
There are monsters nearby!
You shoot an arrow. The arrow hits the rat!
You kill the rat!
You shoot an arrow. The arrow hits the dart slug.
You shoot an arrow. The arrow hits the dart slug.
The dart slug launches a dart at you. The slug dart misses you.
You shoot an arrow. The arrow hits the dart slug!
You kill the dart slug!
No target in view!
No target in view!
There is an open door here.
A bat comes into view.
A bat is nearby!
You shoot an arrow. The arrow hits the bat.
You kill the bat!
No target in view!
No target in view!
A goblin comes into view. It is wielding a +0 dagger.
You shoot an arrow. The arrow hits the goblin.
The goblin shouts!
You hear a shout! x2
No target in view!
No target in view!
You shoot an arrow. The arrow hits the goblin.
You kill the goblin!
A kobold comes into view. It is wielding a +0 short sword.
You shoot an arrow. The arrow closely misses the kobold.
You shoot an arrow. The arrow hits the kobold.
A giant cockroach comes into view.
You shoot an arrow. The arrow closely misses the kobold.
The arrow barely misses the giant cockroach.
You shoot an arrow. The arrow hits the kobold.
You kill the kobold!
You shoot an arrow. The arrow hits the giant cockroach!
You kill the giant cockroach!
No target in view!
You see here a bat corpse.
Things that are here:
a +0 short sword {short}; a +0 dagger {short}; a kobold corpse You now have 39 gold pieces (gained 6).
A hobgoblin comes into view.
You shoot an arrow. The arrow closely misses the hobgoblin.
You shoot an arrow. The arrow hits the hobgoblin.
You kill the hobgoblin!
No target in view!
No target in view!
There is an open door here.
Found a stone staircase leading down.
A hobgoblin comes into view.
You shoot an arrow. The arrow hits the hobgoblin.
You kill the hobgoblin!
You have reached level 3!
Your experience leads to an increase in your attributes!
Increase (S)trength, (I)ntelligence, or (D)exterity?
You feel agile. x2
HP[+4] MP[+1]
You now have 21 max hp (+4).
Your hp is fully restored (21).
Your mp is fully restored (4).
j - a +0 leather armour
k - 3 scrolls labelled LUSSIE MEAFOFE
Found a stone staircase leading down.
You open the door.
There is an open door here.
There is an open door here.
You open the door.
There is an open door here.
Things that are here:
a +0 dagger {short}; 2 stones {throwing}
There is an open door here.
There is an open door here.
There is an open door here.
There is an open door here.
There is a stone staircase leading down here.
There is an open door here.
Done exploring.
(D) Dungeon
Where to? (? - help)
There is an open door here.
There is a stone staircase leading down here.
You climb downwards.
The kobold shouts!
You hear a shout! x2
Found a stone staircase leading up.
There is a stone staircase leading up here.
A kobold is nearby!
(D) Dungeon
Where to? (Enter - D:2, ? - help)
A kobold is nearby!
You climb upwards.
There is a stone staircase leading down here.
This is a scroll of acquirement!
Something appears before you!
l - the ring "Iqog" {rPois rF+ Str+9 Int+4 Stlth-} Something appears before you!
m - the amulet of Altruism {Acrobat rPois Str+8 Stlth-} Unknown command.
Are you sure you want to abandon this character and quit the game? (Confirm with "yes".)

Skill      XL: |  1  2 |
---------------+-------+-----
Bows           | 5 |  5.3
Fighting       | |  2.0
Dodging        | |  2.1
Stealth        | |  1.0

Action                   || total
-------------------------++-------
 Fire: Shortbow          ||    31
  Use: Scroll            ||     2
Dodge: Dodged            ||     4

Levels and vault maps discovered:
D:1:      mrwooster_arrival_arrow, layout_basic
D:2:      layout_basic, basic_altar, minmay_fractal_squares_gapless_5

Notes
Turn   | Place    | Note
-------+----------+-------------------------------------------
     0 | D:1      | zeratav the Tengu Hunter began the quest for the Orb.
     0 | D:1      | Reached XP level 1. HP: 12/12 MP: 2/2
     0 | D:1      | magus.rc [v1.9.6]
    82 | D:1      | Reached XP level 2. HP: 11/17 MP: 3/3
   203 | D:1      | Reached skill level 5 in Bows
   396 | D:1      | Reached XP level 3. HP: 21/21 MP: 4/4
   599 | D:1      | Identified 3 scrolls of acquirement
   599 | D:1      | Acquired the ring "Iqog" {rPois rF+ Str+9 Int+4 Stlth-}
   601 | D:1      | Acquired the amulet of Altruism {Acrobat rPois Str+8
                  | Stlth-}
   603 | D:1      | Quit the game

Vanquished Creatures
  2 dart slugs (D:1)
  A ball python (D:1)
  An endoplasm (D:1)
  A giant cockroach (D:1)
  2 goblins (D:1)
  3 hobgoblins (D:1)
  2 quokkas (D:1)
  2 bats (D:1)
  2 kobolds (D:1)
  2 rats (D:1)
18 creatures vanquished.

Table legend:
 A = Non-vault XP
 B = Vault XP
 C = Vault XP percentage of total XP
 D = Non-vault monster count
 E = Vault monster count
 F = Vault count percentage of total count
                 A         B        C        D         E       F
            +---------+---------+-------+---------+---------+-------
      Total |      34 |       0 |   0.0 |      18 |       0 |   0.0
            +---------+---------+-------+---------+---------+-------
        D:1 |      34 |       0 |   0.0 |      18 |       0 |   0.0
            +---------+---------+-------+---------+---------+-------

Illustrated notes

Table legend:
 A = Kills in this place as a percentage of kills in entire the game.
 B = Kills by you in this place as a percentage of kills by you in the entire game.
 C = Kills by friends in this place as a percentage of kills by friends in the entire game.
 D = Other kills in this place as a percentage of other kills in the entire game.
 E = Experience gained in this place as a percentage of experience gained in the entire game.
 F = Experience gained in this place divided by the number of levels of this place that you have seen.
                   A       B       C       D       E      F
               +-------+-------+-------+-------+-------+----------------------
         Total | 100.0 | 100.0 |   N/A |   N/A | 100.0 |  17.0
       Dungeon | 100.0 | 100.0 |   N/A |   N/A | 100.0 |  17.0
               +-------+-------+-------+-------+-------+----------------------

Table legend: (Time is in decaauts)
 A = Elapsed time spent in this place.
 B = Non-inter-level travel time spent in this place.
 C = Inter-level travel time spent in this place.
 D = Time resting spent in this place.
 E = Time spent auto-exploring this place.
 F = Levels seen in this place.
 G = Mean time per level.
                   A        B        C        D        E       F      G
               +--------+--------+--------+--------+--------+-----+--------+
         Total |    612 |    595 |     17 |      0 |    522 |   2 |  306.0 |
       Dungeon |    612 |    595 |     17 |      0 |    522 |   2 |  306.0 |
               +--------+--------+--------+--------+--------+-----+--------+

Top non-repeatable levels by time:
     D:1: 611 daAuts
     D:2: 1 daAuts
